[Event "Karnataka State Open-ch 2018"]
[Site "Bengaluru"]
[Date "2018.04.16"]
[Round "5"]
[White "Sridharan Ramanathan"]
[Black "Owais Md Q"]
[Result "1-0"]
[ECO "B73"]
[WhiteElo "1997"]
[BlackElo "1209"]
[Annotator "NA"]
[PlyCount "65"]
[EventDate "2018.??.??"]
[EventType "swiss"]
[EventCountry "IND"]
[SourceTitle "playchess.com"]
[Source "ChessBase"]
[SourceQuality "1"]
[TimeControl "5400+30"]

1. e4 c5 2. Nf3 d6 3. d4 cxd4 4. Nxd4 Nc6 5. Be2 Nf6 6. Nc3 g6 7. Be3 Bg7 8. O-O O-O 9. Kh1 Bd7 10. f4 Rc8 11. Bf3 a6 12. Nb3 b5 {[%emt 0:04:14] B74: Sicilian Dragon: Classical System with 9 Nb3} 13. Qe2 (13. Qd2 Bg4 14. Qf2 Bxf3 15. gxf3 Qd7 16. Rad1 Qb7 17. Rg1 b4 18. Nd5 a5 19. c4 bxc3 20. Nxc3 {1-0 (41) Kevlishvili,R (2375)-Beerdsen,T (2356) Rotterdam 2016}) 13... Be6 14. Rfd1 Qc7 $146 ({Predecessor:} 14... Nd7 15. Nd4 Nxd4 16. Bxd4 Qc7 17. Nd5 Bxd5 18. exd5 Bxd4 19. Rxd4 Qxc2 20. Qxe7 Qxb2 {0-1 (32) Jasik,P (2020)-Zaskalski,A (2210) Wisla 1998}) 15. Nd5 Bxd5 16. exd5 Na5 17. Nxa5 Qxa5 18. Bd4 Rfe8 19. c3 e5 20. dxe6 $1 Rxe6 21. Qd3 Rce8 22. f5 R6e7 23. fxg6 (23. a4 $5) 23... fxg6 (23... hxg6 $11 24. a4 Ne4) 24. Bxf6 (24. Bc6 $16 Rf8 25. a4 bxa4 26. Bxa4 (26. Rxa4 Qh5 $18)) 24... Bxf6 25. Qxd6 Be5 26. Qd2 Qc7 27. g3 Rf8 28. Qg2 Ref7 $2 (28... Kg7 $14) 29. Bd5 $18 Qc5 30. Bxf7+ Rxf7 31. Rf1 Rd7 32. Rad1 Rxd1 33. Rxd1 1-0

[Event "Karnataka State Open-ch 2018"]
[Site "Bengaluru"]
[Date "2018.04.16"]
[Round "5"]
[White "Manjunath, J."]
[Black "Audipudy Sitaram"]
[Result "1-0"]
[ECO "B38"]
[WhiteElo "1986"]
[BlackElo "1610"]
[Annotator "NA"]
[PlyCount "111"]
[EventDate "2018.??.??"]
[EventType "swiss"]
[EventCountry "IND"]
[SourceTitle "playchess.com"]
[Source "ChessBase"]
[SourceQuality "1"]
[TimeControl "5400+30"]

1. e4 c5 2. Nf3 g6 3. c4 Bg7 4. d4 cxd4 5. Nxd4 Nc6 6. Be3 Nf6 7. Nc3 d6 8. Be2 O-O 9. O-O Bd7 10. Qd2 Nxd4 11. Bxd4 Bc6 12. f3 a5 13. Rac1 a4 14. Rfd1 {[%emt 0:04:56] B38: Sicilian: Maroczy Bind with 5...Bg7 and 7...0-0} (14. Rc2 Nd7 15. Be3 Qa5 16. Nd5 Bxd5 17. Qxa5 Rxa5 18. cxd5 Nc5 19. Rfc1 b5 20. Bd2 Ra7 21. Kf1 Rb7 22. Bb4 Na6 23. Bd2 Nc5 24. Bb4 Na6 25. Bd2 Nc5 26. Bb4 {½-½ (30) Sevian,S (2615)-Leon Hoyos,M (2490) Saint Louis 2017}) 14... Nd7 15. Be3 Nc5 16. Rc2 Be5 17. Bf1 Qa5 $146 ({Predecessor:} 17... e6 18. Qf2 Qe7 19. Bh6 Rfd8 20. g3 f5 21. exf5 gxf5 22. Bg2 {0-1 (41) Den Hartog,M (2006)-Hendrickson,N (2168) Leiden 2014}) 18. Nd5 Bxd5 19. cxd5 Qxd2 20. Rdxd2 Rfc8 21. g3 b6 (21... a3 $5 22. b4 Na4 $14) 22. Bb5 Ra5 23. Bc6 Rb8 24. Kf1 h5 25. Rd1 Bf6 26. Ke2 Kg7 27. Bd2 Ra7 28. Ke3 Rc8 29. f4 e5 30. Kf3 Re7 31. Be3 Ra7 (31... exf4 $11 32. Bxc5 bxc5) 32. Rdd2 Rb8 33. Rc4 Kf8 34. Rb4 a3 35. b3 Ke7 36. Bxc5 dxc5 37. d6+ Kd8 38. Rc4 Rc8 39. Ra4 (39. Bb5 $16) 39... Rxa4 40. Bxa4 c4 $1 41. Ke3 $2 {[%emt 0:06:56] [#]} (41. b4 $11 {and White stays safe.}) 41... b5 $1 42. Bxb5 (42. bxc4 $142 bxa4 43. Rc2) 42... cxb3 43. Bd3 b2 $2 (43... exf4+ 44. Kf3 Rc3 45. axb3 fxg3) 44. Rd1 Rc1 45. Ke2 Ra1 $2 (45... exf4 $19 46. gxf4 Bd4) 46. Bb1 Kd7 47. Kd3 Bd8 $2 (47... Kxd6 $15 {keeps the upper hand.} 48. Kc2+ Ke6) 48. Kc2 Bb6 49. fxe5 g5 50. Rf1 Ke6 51. Rf5 h4 52. g4 Be3 53. Rf6+ Kd7 54. Rxf7+ Ke8 55. e6 Bf4 56. d7+ $18 1-0

[Event "Karnataka State Open-ch 2018"]
[Site "Bengaluru"]
[Date "2018.04.16"]
[Round "5"]
[White "Isha, Sharma"]
[Black "Kalki Eshwar D"]
[Result "1-0"]
[ECO "B22"]
[WhiteElo "1926"]
[BlackElo "1515"]
[Annotator "NA RC"]
[PlyCount "111"]
[EventDate "2018.??.??"]
[EventType "swiss"]
[EventCountry "IND"]
[SourceTitle "playchess.com"]
[Source "ChessBase"]
[SourceQuality "1"]
[TimeControl "5400+30"]

1. e4 c5 2. c3 d5 3. exd5 Nf6 4. d4 Nxd5 {[%emt 0:00:08] B22: Sicilian: 2 c3} (4... cxd4 5. Bb5+ Bd7 6. Bc4 b5 7. Bb3 dxc3 8. Nxc3 g6 9. Nf3 Bg7 10. Ne5 O-O 11. O-O b4 12. Ne2 {1-0 (53) Pavasovic,D (2548)-Sunilduth Lyna,N (2541) chess.com INT 2017}) 5. Nf3 e6 6. Be2 cxd4 7. Nxd4 Bd6 $146 ({Predecessor:} 7... Be7 8. O-O O-O 9. Qb3 Qb6 10. Bf3 Rd8 11. Na3 Nc6 12. Qxb6 axb6 {1-0 (79) Kevorkov,A (2228)-Jaksland,T (2284) Denmark 2016}) 8. O-O O-O 9. Nd2 Nd7 10. Ne4 Bb8 11. c4 N5f6 12. Ng3 Nc5 13. Be3 e5 14. Nc6 Qxd1 15. Rfxd1 Ncd7 16. Ne7+ Kh8 17. Bf3 e4 18. Nxe4 Nxe4 19. Bxe4 Nf6 20. Bf3 Be5 21. Nxc8 Raxc8 22. Bd4 ({Resist} 22. Bxb7 $6 Rxc4 23. Bf3 Bxb2) ({Better is} 22. c5 $18) 22... Bb8 $2 (22... Bxd4 $16 {is a better defense.} 23. Rxd4 b6) 23. b3 ({Don't take} 23. Bxb7 Rxc4 24. Rac1 Rxc1 $18) 23... b6 24. Rd3 Rfe8 25. Rad1 Ne4 (25... h6 $142 26. Bxf6 gxf6) 26. Bxe4 Rxe4 27. Bc3 Rce8 28. Rd8 h6 29. R1d7 Kg8 30. g3 h5 31. Kg2 a5 32. Rxe8+ Rxe8 33. Rb7 h4 34. Rxb6 hxg3 35. hxg3 Be5 $18 36. Bxa5 Bd4 37. Rd6 Bc5 38. Rd8 Rxd8 39. Bxd8 Bb4 40. Bb6 Kf8 41. a4 Ke7 42. a5 Kd7 43. a6 Kc6 44. a7 Kb7 45. c5 Ka8 46. c6 Bd6 47. b4 g5 48. b5 g4 49. Bc5 Bc7 50. b6 Bxb6 51. Bxb6 f5 52. c7 Kb7 53. a8=Q+ Kxb6 54. c8=Q f4 55. Qab7+ Ka5 56. Qca8# 1-0

[Event "Karnataka State Open-ch 2018"]
[Site "Bengaluru"]
[Date "2018.04.16"]
[Round "5"]
[White "Sekhawat, Hussen"]
[Black "Bachalkar Sadanand"]
[Result "1-0"]
[ECO "A06"]
[WhiteElo "1915"]
[BlackElo "1471"]
[Annotator "NA RC"]
[PlyCount "73"]
[EventDate "2018.??.??"]
[EventType "swiss"]
[EventCountry "IND"]
[SourceTitle "playchess.com"]
[Source "ChessBase"]
[SourceQuality "1"]
[TimeControl "5400+30"]

1. Nf3 d5 2. g3 Nc6 3. Bg2 e5 4. d3 Nf6 5. a3 {[%emt 0:01:26] A07: Réti Opening: New York and Capablanca Systems} (5. O-O Be7 6. c4 O-O 7. cxd5 Nxd5 8. Nc3 Nb6 9. Be3 Re8 10. Rc1 Bf8 11. Na4 Nd4 12. Nc5 c6 13. Nb3 Nxb3 14. Qxb3 Be6 15. Qc2 Nd5 16. Bd2 f6 17. a3 a5 18. e4 Nc7 19. Be3 Nb5 20. Rfd1 {1-0 (36) Nakamura,H (2786)-Grigoriants,S (2576) chess.com INT 2017}) 5... Be7 6. b4 a6 7. Bb2 $146 ({Predecessor:} 7. O-O O-O 8. Bb2 Bd6 9. Nfd2 Be6 10. c4 Qd7 11. Nc3 Be7 12. cxd5 Nxd5 {1-0 (75) Evans Quek,D (2047)-Sabah Moslem,R Bled 2002}) 7... Bd6 8. O-O Be6 9. Nbd2 O-O 10. c4 dxc4 11. dxc4 Nd7 12. h4 f6 13. Qc2 Be7 14. Rfd1 Qe8 15. Nf1 Nd8 16. Ne3 c6 17. Nf5 g6 18. Nxe7+ Qxe7 19. c5 Nf7 20. Rd2 Rad8 21. Rad1 Nb8 22. e4 Rxd2 23. Rxd2 Rd8 24. Bf1 Rxd2 25. Nxd2 Nd7 26. Nc4 Kg7 27. Kg2 g5 28. hxg5 Nxg5 29. Nd6 Nf8 ({Don't blunder} 29... Nxc5 $2 30. bxc5 Bh3+ 31. Kg1 $18) 30. f4 exf4 (30... Nf7 $142) 31. gxf4 Nf7 32. Qc3 Nxd6 $2 (32... Bd7 {is a better defense.}) 33. cxd6 Qf7 34. f5 Bd7 (34... Bxf5 $142 35. exf5 Qd5+ 36. Qf3 Qd2+ 37. Qe2 Qg5+ 38. Kh2 Qf4+ 39. Kg1 Qxd6 40. Qg4+ Kf7 41. Bc4+ Ke8) 35. Qg3+ Kh8 {[%emt 0:01:25] [#]} 36. Bc4 $1 Qg7 {[%emt 0:00:24] [#]} 37. Bxf6 1-0

[Event "Karnataka State Open-ch 2018"]
[Site "Bengaluru"]
[Date "2018.04.16"]
[Round "5"]
[White "Hardik, Jha"]
[Black "Sanjana Raghunath"]
[Result "1-0"]
[ECO "D04"]
[WhiteElo "1882"]
[BlackElo "1472"]
[Annotator "NA"]
[PlyCount "121"]
[EventDate "2018.??.??"]
[EventType "swiss"]
[EventCountry "IND"]
[SourceTitle "playchess.com"]
[Source "ChessBase"]
[SourceQuality "1"]
[TimeControl "5400+30"]

1. Nf3 d5 2. d4 Nf6 3. e3 Bg4 4. Bd3 Nc6 5. c3 {[%emt 0:00:21] D02: 1 d4 d5 2 Nf3 sidelines, including 2...Nf6 3 g3 and 2...Nf6 3 Bf4} (5. O-O e6 6. b3 Bd6 7. Bb2 O-O 8. Nbd2 Re8 9. a3 {1-0 (9) Bacrot,E (2718)-Szakolczai,P (2275) Nancy 2011}) 5... e6 6. Nbd2 Bd6 7. h3 Bh5 8. Qb3 Rb8 9. Qa4 $146 ({Find the theoretical novelty and annotate with similar games:} 9. Qc2 Bg6 10. e4 dxe4 11. Nxe4 Nxe4 12. Bxe4 O-O 13. Be3 a5 14. h4 e5 15. O-O-O Bxe4 16. Qxe4 exd4 17. Bxd4 Nxd4 18. Rxd4 Qf6 {½-½ (18) Wittkugel,F-Ellinger,H (2290) Ellwangen 1999}) 9... O-O 10. O-O Qd7 11. Qc2 Rfe8 12. Ng5 h6 13. Ngf3 e5 14. Bf5 Qd8 15. dxe5 Nxe5 16. Nxe5 Rxe5 17. Re1 (17. b4 $1 $11 {keeps the balance.}) 17... Qe8 18. b3 c5 (18... Ne4 $17 19. Bxe4 dxe4) 19. Bb2 Re7 20. c4 d4 21. Nf1 Rd8 (21... Bf4 $5) 22. g4 (22. Qb1 $11 {remains equal.}) 22... Bg6 23. Red1 {[%emt 0:02:43] [#]} (23. Rad1 $17 {was called for.}) 23... Bxf5 ({Worse is} 23... dxe3 24. Nxe3 Bxf5 25. Qxf5 $11 Rxe3 26. fxe3 $11) (23... Ne4 $1 $19 24. Bxg6 fxg6 25. exd4 Ng5) 24. Qxf5 Red7 $2 (24... Be5 $17 25. exd4 cxd4) 25. exd4 cxd4 26. Re1 ({Much weaker is} 26. Bxd4 Bb4 $11) 26... Be7 27. Rad1 Qf8 28. Rd3 Bc5 29. Re5 Bd6 30. Re1 Bc5 31. Ng3 b6 32. g5 ({Better is} 32. Qf3 $14) 32... hxg5 33. Qxg5 Re8 34. Rxe8 Qxe8 35. Nf5 Qe1+ 36. Kg2 Ne8 37. Rf3 (37. Qg4 $16 Rd8 38. Bxd4 Bxd4 39. Rxd4 Rxd4 40. Qxd4 (40. Nxd4 Nf6 $16)) 37... Qe4 38. a3 Be7 39. Nxe7+ Rxe7 40. Bxd4 f6 (40... Rd7 $1 $11 {remains equal.} 41. Bb2 Rd3) 41. Qf4 Qb1 42. Qf5 Qc1 43. Qd5+ Kf8 {[%emt 0:00:20] [#]} 44. Be3 $2 (44. c5 $1 $18 Qxa3 45. Qc4 (45. cxb6 axb6 46. Bxb6 Qd6 $16)) 44... Qxa3 45. c5 Qa5 {[%emt 0:00:42] [#]} (45... Nc7 $1 $14 46. Qd3 Ne6) 46. Qc4 $1 Rc7 (46... Nc7 $142 47. Bf4 Qxc5) 47. b4 Qa4 48. Bf4 (48. Rf4 $16) 48... Rxc5 $1 49. Qe6 Rc6 $2 (49... Rc2 $11) 50. Qd7 Qc2 51. Re3 Qg6+ $2 (51... Rc8 52. Rxe8+ (52. Qxa7 Qc6+ 53. Kg1 Nc7 $14) 52... Rxe8) 52. Kh2 Rc4 53. Rxe8+ Qxe8 54. Bd6+ Kg8 55. Qxe8+ Kh7 56. Qh5+ Kg8 57. Qd5+ Kh7 58. Qxc4 Kh8 59. Qf7 b5 60. Bf8 a5 61. Qxg7# 1-0

[Event "Karnataka State Open-ch 2018"]
[Site "Bengaluru"]
[Date "2018.04.16"]
[Round "5"]
[White "Thirunarayanan Sampath Kumar"]
[Black "Gahan, M G"]
[Result "0-1"]
[ECO "B43"]
[WhiteElo "1729"]
[BlackElo "2281"]
[Annotator "ChessBase"]
[PlyCount "88"]
[EventDate "2018.??.??"]
[EventType "swiss"]
[EventCountry "IND"]
[SourceTitle "playchess.com"]
[Source "ChessBase"]
[SourceQuality "1"]
[TimeControl "5400+30"]

1. e4 c5 2. Nf3 e6 3. d4 cxd4 4. Nxd4 a6 5. Nc3 Qc7 6. a3 b5 7. Be3 Bb7 8. f3 Nf6 9. g4 h6 10. Qe2 d5 11. exd5 Nxd5 12. Nxd5 Bxd5 13. O-O-O Nc6 14. Rg1 Rd8 15. Qf2 Nxd4 16. Bxd4 Qf4+ 17. Be3 Qxf3 18. Qe1 Qf6 19. Qa5 Be7 20. Bd3 Qe5 21. Rde1 Qxh2 22. Qxa6 O-O 23. Qa7 Qd6 24. Qd4 Bf6 25. Qc5 Qe5 26. Qb4 Bc4 27. Bc5 Qg5+ 28. Kb1 Rfe8 29. Be4 Bd4 30. Bxd4 Rxd4 31. Qc3 Qc5 32. Qg3 Qd6 33. Qf3 Bd5 34. g5 hxg5 35. Rxg5 Bxe4 36. Rxe4 Rxe4 37. Qxe4 e5 38. Qh4 Qf6 39. Qg4 Qf1+ 40. Ka2 Qc4+ 41. Qxc4 bxc4 42. Kb1 f6 43. Rg3 e4 44. b4 e3 0-1

[Event "Karnataka State Open-ch 2018"]
[Site "Bengaluru"]
[Date "2018.04.16"]
[Round "5"]
[White "Keshav Kothari"]
[Black "Yashas, D."]
[Result "0-1"]
[ECO "A61"]
[WhiteElo "1715"]
[BlackElo "2243"]
[Annotator "NA"]
[PlyCount "104"]
[EventDate "2018.??.??"]
[EventType "swiss"]
[EventCountry "IND"]
[SourceTitle "playchess.com"]
[Source "ChessBase"]
[SourceQuality "1"]
[TimeControl "5400+30"]

1. d4 Nf6 2. Nf3 e6 3. c4 c5 4. d5 exd5 5. cxd5 d6 6. Nc3 g6 7. Bf4 a6 8. a4 Bg7 9. h3 O-O 10. e3 Qe7 {[%emt 0:00:19] A61: Modern Benoni: Nf3 without early e4} 11. Be2 Nbd7 12. O-O Rb8 13. Nd2 Ne5 14. Bh2 Re8 15. Kh1 {[%emt 0:05:07] [#]} b6 $146 ({Predecessor:} 15... g5 16. f4 gxf4 17. exf4 Ng6 18. f5 {1-0 (46) Dothan,Y (2648)-Privara,I (2522) ICCF email 2010}) 16. f4 Ned7 17. e4 $1 Bb7 18. Bd3 Nh5 19. Qf3 Bd4 20. Rae1 Qf8 21. Re2 Ng7 22. Rfe1 f6 23. Bg1 (23. Nc4 $16) 23... f5 24. exf5 gxf5 25. Rxe8 Rxe8 26. Rxe8 Qxe8 27. Qe2 (27. Nc4 $14) 27... Qxe2 28. Nxe2 Bxg1 29. Kxg1 Bxd5 30. Bxa6 Bc6 31. Bb5 ({White should play} 31. Nc3 $11) 31... Bxb5 32. axb5 Kf7 $1 33. Kf2 d5 34. g4 Ke6 35. Kf3 ({White should try} 35. Ng3 $15) 35... Nf6 36. Ng3 h5 37. gxh5 Ngxh5 38. Ndf1 {[%emt 0:00:05] [#]} (38. Nxh5 $11 {and White stays safe.} Nxh5 39. Nf1) 38... Nxg3 $1 39. Nxg3 {[%emt 0:00:03] [#]} Ne4 $1 40. Ne2 d4 41. Nc1 (41. h4 {is the only way for White.}) 41... c4 42. Ke2 $2 (42. h4 Nd6 43. Ne2 Nxb5 44. h5) 42... Kd5 (42... d3+ $142 43. Kd1 Kd5) 43. h4 d3+ 44. Nxd3 cxd3+ 45. Kxd3 Nf2+ 46. Ke2 Ng4 47. Kd3 Nf6 48. b3 Nh5 49. Ke3 Kc5 50. b4+ Kc4 51. Kf3 Kxb4 52. Ke3 Kc4 {[%emt 0:00:04] Kd4+} 0-1

[Event "Karnataka State Open-ch 2018"]
[Site "Bengaluru"]
[Date "2018.04.16"]
[Round "5"]
[White "Ramachandra, Bhat"]
[Black "Arvind, Shastry"]
[Result "0-1"]
[ECO "B13"]
[WhiteElo "1661"]
[BlackElo "2175"]
[Annotator "ChessBase"]
[PlyCount "104"]
[EventDate "2018.??.??"]
[EventType "swiss"]
[EventCountry "IND"]
[SourceTitle "playchess.com"]
[Source "ChessBase"]
[SourceQuality "1"]
[TimeControl "5400+30"]

1. e4 c6 2. d4 d5 3. exd5 cxd5 4. Bd3 Nc6 5. c3 Nf6 6. Ne2 Bg4 7. f3 Bh5 8. Qb3 Qd7 9. Bg5 e6 10. Nd2 Bg6 11. Bxg6 hxg6 12. O-O-O O-O-O 13. Kb1 Kb8 14. h3 Rc8 15. Bf4+ Bd6 16. Bxd6+ Qxd6 17. Nc1 Nh5 18. Nd3 Nf4 19. Nxf4 Qxf4 20. Qb5 Ka8 21. Rhe1 Qf5+ 22. Ka1 Qc2 23. Qb3 Qxb3 24. Nxb3 Kb8 25. Kb1 Kc7 26. Nc5 b6 27. Nd3 Kd6 28. Ne5 Nxe5 29. Rxe5 b5 30. a3 a5 31. Kc2 Rc4 32. Re3 Rhc8 33. Rd2 b4 34. axb4 axb4 35. Kb3 Rb8 36. Kc2 Rbc8 37. Kb3 Ra8 38. f4 bxc3 39. Rxc3 Rxc3+ 40. Kxc3 Ra1 41. Kd3 Rf1 42. Ke3 f6 43. Rf2 Rxf2 44. Kxf2 Kc6 45. Ke3 Kb5 46. Kd3 Kb4 47. Kc2 Kc4 48. b3+ Kxd4 49. Kd2 e5 50. g3 e4 51. g4 f5 52. g5 Kc5 0-1

[Event "Karnataka State Open-ch 2018"]
[Site "Bengaluru"]
[Date "2018.04.16"]
[Round "5"]
[White "Dilip Kumar Pedda"]
[Black "Balkishan, A."]
[Result "0-1"]
[ECO "E16"]
[WhiteElo "1653"]
[BlackElo "2026"]
[Annotator "NA"]
[PlyCount "110"]
[EventDate "2018.??.??"]
[EventType "swiss"]
[EventCountry "IND"]
[SourceTitle "playchess.com"]
[Source "ChessBase"]
[SourceQuality "1"]
[TimeControl "5400+30"]

1. d4 Nf6 2. c4 e6 3. Nf3 Bb4+ 4. Bd2 Qe7 5. a3 Bxd2+ 6. Qxd2 d6 7. Nc3 O-O 8. e4 e5 9. d5 {[%emt 0:01:41] E11: Bogo-Indian} a5 (9... Bg4 10. Be2 c6 11. O-O Bxf3 12. Bxf3 cxd5 13. cxd5 Nbd7 14. b4 Rfc8 15. Rfc1 Rc7 16. Nb5 Rxc1+ 17. Rxc1 {½-½ (28) Alarcia Astiz,C (2331)-Rubio Mejia,L (2443) Madrid 2017}) 10. Bd3 Na6 11. h3 Nh5 12. g4 Nf4 13. Ne2 Nc5 14. Bc2 Re8 $146 ({Predecessor:} 14... Nxe2 15. Qxe2 Bd7 16. Nd2 Rab8 {0-1 (49) Ramya,K (2175)-Khutsidze,S (2011) Batumi 2006}) 15. Nxf4 exf4 16. Qxf4 Qxe4+ 17. Qxe4 Nxe4 18. O-O Bd7 19. Rae1 Nc5 20. Nd4 a4 21. f3 g6 22. Kf2 c6 23. Rxe8+ Rxe8 24. Re1 Rc8 25. Ne2 cxd5 26. cxd5 Kf8 27. Nc3 b5 28. Ke2 f5 29. gxf5 gxf5 30. Rg1 Kf7 31. Rg5 Rb8 32. Rh5 ({Don't play} 32. Bxf5 Kf6 $17) 32... Kg6 33. Rh4 h6 34. Rb4 Kg5 35. h4+ Kf6 36. Ke3 Na6 37. Rd4 Re8+ 38. Kf4 Re1 39. Rd1 Re8 40. Rd4 Rg8 41. Bd3 Nc7 42. Rb4 {[%emt 0:01:39] [#]} (42. Be2 $11) 42... Rg2 $1 43. Bxb5 $2 (43. h5 $17) 43... Bxb5 44. Rxb5 (44. Ke3 $142) 44... Nxb5 45. Nxb5 Rxb2 46. Nxd6 Rb3 47. Nxf5 $19 Rxa3 48. Nd4 Rc3 49. d6 a3 50. Ke4 Rc4 51. Kd5 Rxd4+ 52. Kxd4 a2 53. Kc5 a1=Q 54. Kc6 Ke6 55. Kc7 Qc3+ 0-1

[Event "Karnataka State Open-ch 2018"]
[Site "Bengaluru"]
[Date "2018.04.16"]
[Round "5"]
[White "Chirag Mudraje"]
[Black "Likhit, Chilukuri"]
[Result "0-1"]
[ECO "D15"]
[WhiteElo "1641"]
[BlackElo "1988"]
[Annotator "NA RC"]
[PlyCount "64"]
[EventDate "2018.??.??"]
[EventType "swiss"]
[EventCountry "IND"]
[SourceTitle "playchess.com"]
[Source "ChessBase"]
[SourceQuality "1"]
[TimeControl "5400+30"]

1. d4 d5 2. c4 c6 3. Nc3 Nf6 4. Nf3 dxc4 5. e3 b5 6. a4 b4 7. Nb1 e6 8. Bxc4 Be7 9. O-O {[%emt 0:01:06] D15: Slav Defence: 4 Nc3 a6 and gambit lines after 4 Nc3 dxc4} O-O (9... Ba6 10. Nbd2 Bxc4 11. Nxc4 O-O 12. Qe2 Qd5 13. b3 Nbd7 14. Bb2 c5 15. Rfd1 Qb7 16. Nfe5 Rac8 {1-0 (35) Beliavsky,A (2657)-Banusz,T (2517) Szentgotthard 2010}) 10. Nbd2 c5 11. Nb3 Nbd7 12. Qe2 Bb7 13. Rd1 a5 $146 ({Find the theoretical novelty and annotate with similar games:} 13... Qc7 14. dxc5 Nxc5 15. Nfd4 Rac8 16. Bd2 Nce4 {1-0 (51) Del Rio de Angelis,S (2512)-Martin Duque,J (2382) Madrid 2015}) 14. dxc5 Qc7 15. c6 Qxc6 16. Nbd4 Qb6 17. e4 (17. b3 $11 {remains equal.}) 17... Bxe4 18. Be3 Bc5 19. Bb5 Bd5 20. Rac1 Rfc8 21. g4 (21. h3 $17) 21... Bxf3 22. Qxf3 Ne5 $1 23. Qg2 Nexg4 $2 (23... Nfxg4 $19 24. Nf5 exf5 25. Bxc5 Qh6) 24. Rxc5 $2 (24. Nf5 $1 $11 {and White has nothing to worry.} exf5 25. Bxc5) 24... Qxc5 25. Nxe6 (25. Rc1 $142 Qe5 26. Re1) 25... Qc2 26. Rc1 Qxb2 27. Rxc8+ Rxc8 28. Qb7 Qc3 29. Bd4 Qc1+ 30. Kg2 fxe6 31. Bd7 Nxd7 32. Qxd7 $19 Qc6+ 0-1

[Event "Karnataka State Open-ch 2018"]
[Site "Bengaluru"]
[Date "2018.04.16"]
[Round "5"]
[White "Nitish Bhat"]
[Black "Kishan, Gangolli"]
[Result "1/2-1/2"]
[ECO "E16"]
[WhiteElo "1637"]
[BlackElo "1974"]
[Annotator "NA"]
[PlyCount "57"]
[EventDate "2018.??.??"]
[EventType "swiss"]
[EventCountry "IND"]
[SourceTitle "playchess.com"]
[Source "ChessBase"]
[SourceQuality "1"]
[TimeControl "5400+30"]

1. d4 Nf6 2. c4 e6 3. Nf3 Bb4+ 4. Bd2 Qe7 5. Nc3 b6 6. e3 Bb7 7. Bd3 O-O 8. O-O d6 9. a3 Bxc3 10. Bxc3 Nbd7 11. Bc2 Ne4 12. Bxe4 $11 Bxe4 13. Nd2 Bb7 14. e4 e5 15. d5 f5 16. exf5 Rxf5 17. Ne4 Qh4 18. f3 Rh5 19. h3 Rf5 20. Be1 Qe7 21. Qc2 Qf7 22. Bd2 Qg6 23. Rf2 Raf8 24. Kh2 Nc5 25. Ng3 R5f6 26. Qxg6 Rxg6 27. Be3 Nb3 28. Rd1 a5 29. Ne4 1/2-1/2

[Event "Karnataka State Open-ch 2018"]
[Site "Bengaluru"]
[Date "2018.04.16"]
[Round "5"]
[White "Pavan C"]
[Black "Santoshkashyap, Hg"]
[Result "0-1"]
[ECO "D05"]
[WhiteElo "1622"]
[BlackElo "1929"]
[Annotator "NA"]
[PlyCount "122"]
[EventDate "2018.??.??"]
[EventType "swiss"]
[EventCountry "IND"]
[SourceTitle "playchess.com"]
[Source "ChessBase"]
[SourceQuality "1"]
[TimeControl "5400+30"]

1. d4 Nf6 2. e3 d5 3. Bd3 c5 4. b3 {[%emt 0:04:34] D00: 1 d4 d5: Unusual lines} Nc6 5. Bb2 cxd4 6. exd4 Bg4 7. Be2 $146 ({Predecessor:} 7. Nf3 e6 8. O-O Bd6 9. Nbd2 O-O 10. c4 e5 11. dxe5 Bxe5 12. Bxe5 Nxe5 13. Be2 Bxf3 14. Nxf3 Nxf3+ 15. Bxf3 dxc4 16. bxc4 Qc7 17. Qb3 {½-½ (30) Vovinkina,N (2437)-Atnilov,B (2119) Haifa 2008}) 7... Bxe2 8. Nxe2 e6 9. Nd2 Bd6 10. a3 Qc7 11. h3 O-O 12. O-O b5 13. c4 bxc4 14. bxc4 Rab8 15. Qc2 dxc4 16. Bc3 Ne7 17. Qa4 Rfc8 18. Rfc1 Qc6 19. Qc2 (19. Qxc6 $17 {only move.} Rxc6 20. Bb4) 19... Ned5 20. g4 (20. Bb4 {was called for.}) 20... h6 21. Ba5 Bf4 22. Qxc4 Qb5 $2 (22... Qxc4 $19 23. Nxc4 Bxc1 24. Rxc1 Rc6) 23. Qxb5 Rxc1+ 24. Rxc1 Rxb5 25. Rc8+ Kh7 26. Nc4 $1 Ne4 27. Kg2 ({White should play} 27. Bb4 $15) 27... Nd6 28. Nxd6 Bxd6 29. Be1 Bxa3 30. Nc3 Nxc3 31. Bxc3 {[%emt 0:00:07] [#]} a5 $1 32. Kf3 Bb4 33. Ke4 Bxc3 34. Rxc3 {[%emt 0:00:10] [#]} a4 $1 35. Rc5 (35. Ra3 $142) 35... Rxc5 36. dxc5 a3 37. c6 a2 38. c7 a1=Q 39. c8=Q Qh1+ 40. Kf4 Qxh3 41. Qc2+ g6 42. f3 Qh4 43. Ke3 Qe1+ 44. Kd3 Qe5 45. Qa4 g5 (45... h5 $142 46. gxh5 gxh5) 46. Qe8 Kg7 47. Qa4 {[%emt 0:00:40] [#]} (47. Qc8 {was necessary.}) 47... Qf4 (47... h5 $142 $1 48. gxh5 Kh6) 48. Qa1+ e5 49. Ke2 {[%emt 0:00:22] [#]} Qd4 (49... h5 $142 $1 50. gxh5 g4 51. fxg4 Qxg4+ 52. Ke3 Qxh5) 50. Qa8 Qf4 $2 (50... Qc4+ $19 51. Ke3 {[#]} h5 $1 52. gxh5 g4 53. h6+ Kh7 54. fxg4 Qd4+ 55. Ke2 Qxg4+ 56. Ke1 Qb4+ 57. Ke2 Kxh6 58. Qh8+ Kg6 59. Qg8+ Kf6 60. Qd8+ Kf5 61. Qd7+ Kf6 62. Qd8+ Kf5 63. Qd7+ Kg6) 51. Qd5 {[%emt 0:01:20] [#]} e4 $1 52. Qd4+ Kh7 $19 53. fxe4 Qxg4+ 54. Kf2 Qf4+ 55. Kg2 g4 56. Qd3 Qf3+ 57. Qxf3 gxf3+ 58. Kxf3 Kg6 59. Kg4 Kf6 60. Kh5 Ke5 61. Kxh6 Kxe4 0-1

[Event "Karnataka State Open-ch 2018"]
[Site "Bengaluru"]
[Date "2018.04.17"]
[Round "7"]
[White "Hegde, Ravi Gopal"]
[Black "Karthik, H S"]
[Result "1/2-1/2"]
[ECO "B22"]
[WhiteElo "2139"]
[BlackElo "1897"]
[Annotator "NA"]
[PlyCount "96"]
[EventDate "2018.??.??"]
[EventType "swiss"]
[EventCountry "IND"]
[SourceTitle "playchess.com"]
[Source "ChessBase"]
[SourceQuality "1"]
[TimeControl "5400+30"]

1. e4 c5 2. c3 d5 3. exd5 Qxd5 4. d4 Nf6 5. Nf3 Bg4 6. Be2 e6 7. h3 Bh5 8. O-O Nc6 9. Be3 cxd4 10. cxd4 Be7 11. Nc3 Qa5 12. Qb3 {[%emt 0:02:02] B22: Sicilian: 2 c3} Qb4 13. Qxb4 (13. Rfd1 Rd8 14. g4 Bg6 15. Ne5 {½-½ (15) Potkin,V (2606)-Motylev,A (2705) Rijeka 2010}) 13... Nxb4 14. g4 Bg6 15. Ne5 O-O 16. Bf3 $146 ({Predecessor:} 16. h4 Nfd5 17. h5 Bc2 18. a3 Nxe3 19. fxe3 Nd5 20. Nxd5 exd5 21. Rac1 Rac8 {½-½ (89) Sedina,E (2337)-Nikolova,A (2268) Germany 2011}) 16... Nfd5 17. Nxd5 Nxd5 18. Rfc1 Rac8 19. Nxg6 hxg6 20. Kg2 g5 21. a3 b6 22. Be4 g6 23. Kf3 Kg7 24. Rxc8 Rxc8 25. Rc1 Rxc1 26. Bxc1 Kf6 27. Bd2 Bd6 28. Bxd5 exd5 29. a4 Be7 30. b4 Ke6 31. b5 f5 32. Ke2 f4 33. Kd3 Bd8 34. Bc3 Kd6 35. Bb4+ Ke6 36. Bd2 Bc7 37. Ke2 Kf6 38. Bb4 Ke6 39. Kf3 Bd6 40. Bd2 Bc7 41. Kg2 Kf6 42. Be1 Ke6 43. f3 Bd8 44. Kf1 Kd6 45. Ke2 Ke6 46. Kd3 $11 Kd6 47. Bb4+ Ke6 48. Bf8 Be7 1/2-1/2